 Dungeon Crawl Stone Soup version 0.30-a0-622-gddc90eaa04 (webtiles) character file.

Game seed: 2924560671430701630

13582 Pooter the Cleaver (level 11, -19/102 HPs)
             Began as a Minotaur Berserker on Jan 11, 2023.
             Was a Priest of Trog.
             Demolished by a two-headed ogre
             ... wielding a +0 giant club
              (27 damage)
             ... on level 2 of the Orcish Mines.
             The game lasted 01:05:42 (12364 turns).

Pooter the Cleaver (Minotaur Berserker)            Turns: 12364, Time: 01:05:43

Health: -19/102    AC: 16    Str: 31    XL:     11   Next: 77%
Magic:  10/10      EV:  9    Int:  4    God:    Trog [***...]
Gold:   283        SH:  0    Dex: 11    Spells: 10/10 levels left

rFire   . . .      SeeInvis +    a - +6 battleaxe
rCold   . . .      Faith    .    (shield currently unavailable)
rNeg    . . .      Spirit   .    q - +4 chain mail
rPois   .          Reflect  .    (helmet restricted)
rElec   .          Harm     .    P - +0 cloak
rCorr   .          Rampage  .    U - +0 pair of gloves
Will    ++...                    j - +0 pair of boots Stlth
                                 (no amulet)
HPRegen 1.37/turn                n - +6 ring of strength
MPRegen 0.12/turn                S - ring of see invisible

@: strong-willed, regenerating
A: horns 2, retaliatory headbutt
a: Renounce Religion, Berserk, Trog's Hand


You were on level 2 of the Orcish Mines.
You worshipped Trog.
Trog was most pleased with you.
You visited 3 branches of the dungeon, and saw 13 of its levels.

You collected 715 gold pieces.
You spent 432 gold pieces at shops.

Inventory:

Hand Weapons
 a - a +6 battleaxe (weapon)
   (You took it off a wight on level 6 of the Dungeon)
 b - a +0 arbalest
   (You took it off an orc warrior on level 10 of the Dungeon)
 l - a +2 mace of holy wrath
   (You took it off an orc on level 8 of the Dungeon)
 z - a +0 trident
   (You took it off an orc on level 4 of the Dungeon)
 E - the +11 short sword "Elocw" {holy, rPois rF+}
   (You found it on level 5 of the Dungeon)

   rF:        It protects you from fire.
   rPois:     It protects you from poison.
 H - a +0 war axe
   (You took it off an orc on level 3 of the Dungeon)
 L - a +5 dire flail of freezing
   (You took it off a wight on level 6 of the Dungeon)
 V - a +3 morningstar
   (You took it off an orc priest on level 10 of the Dungeon)
Missiles
 s - 4 poisoned darts
 y - 5 throwing nets {!f}
 F - 15 boomerangs (quivered)
 J - 8 atropa-tipped darts
 M - 4 curare-tipped darts
 Q - 90 stones
Armour
 j - a +0 pair of boots (worn)
   (You found it on level 9 of the Dungeon)
 q - a +4 chain mail (worn)
   (You took it off an orc warrior on level 8 of the Dungeon)
 O - a +0 plate armour
   (You took it off an orc warrior on level 6 of the Dungeon)
 P - a +0 cloak (worn)
   (You found it on level 4 of the Dungeon)
 U - a +0 pair of gloves (worn)
   (You found it on level 9 of the Dungeon)
Jewellery
 n - a +6 ring of strength (left hand)
   (You took it off an orc on level 3 of the Dungeon)
 A - an amulet of magic regeneration
   (You took it off a gnoll on level 4 of the Dungeon)
 S - a ring of see invisible (right hand)
   (You took it off a gnoll on level 4 of the Dungeon)
Wands
 d - a wand of iceblast (16)
   (You found it on level 6 of the Dungeon)
 f - a wand of flame (54)
   (You took it off Ijyb on level 4 of the Dungeon)
 B - a wand of mindburst (7)
   (You took it off Pikel on level 4 of the Dungeon)
Scrolls
 e - a scroll of magic mapping
 i - a scroll of brand weapon {unknown}
 m - 3 scrolls of silence
 t - 6 scrolls of teleportation {@r4}
 D - a scroll of noise {!r}
 G - 2 scrolls of poison {!r}
 N - 4 scrolls of vulnerability {!r}
 R - a scroll of fear {unknown}
 T - a scroll of fog
Potions
 c - 3 potions of heal wounds {@q2}
 g - 3 potions of attraction {!q}
 h - a potion of berserk rage {unknown}
 k - 2 potions of might
 p - 3 potions of flight
 u - a potion of magic {unknown}
 v - a potion of resistance {unknown}
 w - 4 potions of mutation {!q}
 x - 2 potions of curing {@q1}
 I - 2 potions of haste {unknown}
 K - 2 potions of cancellation
Miscellaneous
 r - a phial of floods
   (You found it on level 9 of the Dungeon)


   Skills:
 + Level 11.0 Fighting
 * Level 13.9(14.0) Axes
 - Level 1.2(9.1) Maces & Flails
 * Level 8.9 Ranged Weapons
 + Level 5.4 Throwing
 - Level 2.4 Armour
 - Level 2.1 Dodging
 - Level 5.3 Stealth
 - Level 4.6 Evocations


You had 10 spell levels left.
You didn't know any spells.
Your spell library was empty.

Dungeon Overview and Level Annotations

Branches:
Dungeon (10/15)            Temple (1/1) D:4            Lair (0/5) D:10
    Orc (2/2) D:10
    Elf: Orc:2

Altars:
Kikubaaqudgha
Makhleb
Nemelex Xobeh
Qazlal
Uskayaw

Shops:
D:2 !   D:9 [?   Orc:1 (   Orc:2 [

Annotations:
D:3 3 runed translucent doors, Chouxvalier's ghost, amateur HOMo; Iich's ghost, amateur DsFi


Innate Abilities, Weirdness & Mutations

You have a pair of horns on your head.
You reflexively headbutt those who attack you in melee.


Message History

There is a stone staircase leading down, spattered with blood here.
You hit the troll. You headbutt the troll! You slice the ogre!!
The troll bites you.
The troll claws you but does no damage. x2
You slice the troll!! Your headbutt misses the troll. You slash the ogre!
You kill the ogre!
Trog accepts your kill. The troll bites you. The troll claws you.
The troll completely misses you.
Your Fighting skill increases to level 11!
You closely miss the troll. The troll bites you but does no damage.
The troll claws you. The troll claws you but does no damage.
You slash the troll!
You kill the troll!
Trog accepts your kill.
The troll leather armour is intact enough to wear.
You start resting.
You feel the effects of Trog's Hand fading.
You start resting.
Your skin stops crawling.
You feel less strong-willed.
You start resting.
You see here a +0 giant club.
You see here a +0 hand axe.
There is a stone staircase leading down, spattered with blood here.
Things that are here:
a +0 plate armour; a +0 dire flail; a +0 arbalest Your skin crawls.
You feel strong-willed.
You climb downwards.
The ogre shouts! x2; The ogre mage shouts!
The ogre shouts! x2
The deep troll shouts!
The two-headed ogre shouts in stereo!
The troll shouts!
The two-headed ogre shouts in stereo! x2; The ogre shouts! x2
The two-headed ogre shouts in stereo!
The ogre shouts! x2
The ogre closely misses you. You furiously retaliate!
You headbutt the ogre!
The two-headed ogre hits you with a +0 giant spiked club!
The two-headed ogre barely misses you.
The ogre hits you with a +0 giant spiked club!
The two-headed ogre hits you with a +0 giant club!!
The two-headed ogre closely misses you. The ogre hits you but does no damage.
The ogre mage casts a spell.
The ogre mage flickers and vanishes for a moment.
The ogre hits you with a +0 giant club!!
* * * LOW HITPOINT WARNING * * *
There is a stone staircase leading up, spattered with blood here.
The ogre barely misses you. You furiously retaliate!
You headbutt the ogre! The ogre barely misses you. x2
The two-headed ogre hits you with a +0 giant spiked club!!
* * * LOW HITPOINT WARNING * * *
The two-headed ogre hits you with a +0 giant spiked club!
* * * LOW HITPOINT WARNING * * *
The two-headed ogre hits you with a +0 giant club!!
You die... .#.$..... . ....O.... .. ......O.. ... #O..O.... .... ##OOTO.... .....
OOOOOT...

......#OOO...∩..
.....TO@OOO.....
.....OOOO#TC....
......TT##......
.......O........
.......o.To.....
......O.To......
....#ooOO.......
................
.#.............


You could see 8 two-headed ogres, 2 ogre magi, a deep troll, a cyclops, 6
trolls, 17 ogres and 4 orcs.

Vanquished Creatures
  3 two-headed ogres
  Pikel (D:4)
  An orc knight (D:10)
  2 orc sorcerers (Orc:1)
  An oklob plant (D:10)
  Joseph (D:7)
  2 trolls (Orc:1)
  2 hornets
  A wraith (D:10)
  9 yaks
  A wyvern (D:9)
  2 wargs
  An acid dragon (D:10)
  4 water moccasins
  Duvessa (D:4)
  13 orc warriors
  An ice beast (D:5)
  A black bear (D:4)
  2 sky beasts (D:7)
  6 ogres
  3 centaurs
  3 lemures
  A kobold brigand (D:10)
  2 necrophages
  3 gnoll sergeants
  A scorpion (D:6)
  3 bullfrogs
  11 wights
  Dowan (D:4)
  16 killer bees
  4 howler monkeys
  An electric eel (D:7)
  6 hounds
  A jelly (D:8)
  15 orc priests
  A gnoll bouda (D:6)
  6 iguanas
  Ijyb (D:4)
  17 orc wizards
  12 adders
  17 gnolls
  A shadow imp (D:5)
  2 white imps (D:5)
  An ufetubus (D:6)
  3 dart slugs
  4 worms
  58 orcs
  7 ball pythons
  A bat zombie (D:5)
  4 endoplasms
  7 giant cockroaches
  7 goblins
  4 hobgoblins
  10 jackals
  3 quokkas
  5 bats
  3 frilled lizards
  11 kobolds
  3 rats (D:1)
  A rat zombie (D:5)
315 creatures vanquished.

Vanquished Creatures (others)
  A gnoll (D:10)
  An orc (Orc:1)
  19 plants
  6 withered plants (D:3)
27 creatures vanquished.

Grand Total: 342 creatures vanquished

Notes
Turn   | Place    | Note
-------+----------+-------------------------------------------
     0 | D:1      | Pooter the Minotaur Berserker began the quest for the Orb.
     0 | D:1      | Reached XP level 1. HP: 19/19 MP: 0/0
    87 | D:1      | Reached XP level 2. HP: 27/27 MP: 1/1
   233 | D:1      | Reached skill level 4 in Axes
   485 | D:1      | Reached skill level 1 in Stealth
   496 | D:1      | Reached XP level 3. HP: 31/34 MP: 2/2
   946 | D:2      | Found a faded altar of an unknown god.
   952 | D:2      | Reached ** piety under Trog
  1115 | D:2      | Found Orhaluf's Distillery.
  1122 | D:2      | Bought a potion of degeneration for 12 gold pieces
  1553 | D:2      | Reached skill level 5 in Fighting
  1553 | D:2      | Reached XP level 4. HP: 42/42 MP: 3/3
  1797 | D:2      | Bought 2 potions of might for 96 gold pieces
  1840 | D:3      | Found a runed translucent gate.
  1840 | D:3      | Found a runed translucent gate.
  1840 | D:3      | Found a runed translucent gate.
  1843 | D:3      | Noticed Chouxvalier's ghost (amateur HOMo)
  1843 | D:3      | Noticed Iich's ghost (amateur DsFi)
  2149 | D:2      | Bought a potion of flight for 36 gold pieces
  2220 | D:3      | Reached skill level 1 in Maces & Flails
  2555 | D:3      | Reached XP level 5. HP: 48/48 MP: 4/4
  3025 | D:4      | Reached skill level 5 in Axes
  3116 | D:4      | Reached XP level 6. HP: 52/57 MP: 5/5
  3179 | D:4      | Noticed Ijyb
  3182 | D:4      | Found a staircase to the Ecumenical Temple.
  3199 | D:4      | Killed Ijyb
  3444 | D:4      | Reached skill level 6 in Axes
  3574 | D:4      | Noticed Dowan
  3578 | D:4      | Noticed Duvessa
  3584 | D:4      | Killed Duvessa
  3585 | D:4      | Reached XP level 7. HP: 64/64 MP: 6/6
  3586 | D:4      | Killed Dowan
  3854 | D:4      | Noticed Pikel
  3864 | Temple   | Entered the Ecumenical Temple
  3933 | D:4      | Killed Pikel
  3934 | D:4      | Reached skill level 8 in Axes
  3934 | D:4      | Reached XP level 8. HP: 56/73 MP: 7/7
  4063 | D:4      | Found a sparkling altar of Nemelex Xobeh.
  4193 | D:5      | Entered Level 5 of the Dungeon
  4305 | D:5      | Reached skill level 1 in Evocations
  4615 | D:5      | Reached skill level 9 in Axes
  4809 | D:5      | Identified the +11 short sword "Elocw" {holy, rPois rF+}
  5109 | D:5      | Reached *** piety under Trog
  5115 | D:5      | Found an ancient bone altar of Kikubaaqudgha.
  5270 | D:6      | Reached XP level 9. HP: 81/81 MP: 8/8
  5600 | D:2      | Bought a potion of invisibility for 96 gold pieces
  5800 | D:6      | Reached skill level 5 in Stealth
  5949 | D:6      | Reached skill level 10 in Axes
  6380 | D:2      | Bought a potion of mutation for 96 gold pieces
  6866 | D:7      | Reached skill level 1 in Ranged Weapons
  6935 | D:7      | Noticed Joseph
  6949 | D:7      | Killed Joseph
  6950 | D:7      | Reached skill level 1 in Throwing
  7202 | D:7      | Reached skill level 11 in Axes
  7622 | D:7      | Reached XP level 10. HP: 70/91 MP: 9/9
  8848 | D:8      | Found a hide-covered altar of Uskayaw.
  8954 | D:9      | Found Rupsiaw's Armour Boutique.
  8971 | D:9      | Noticed a two-headed ogre
  8979 | D:9      | Killed a two-headed ogre
  8980 | D:9      | Reached skill level 5 in Ranged Weapons
  9038 | D:9      | Reached skill level 12 in Axes
  9184 | D:9      | Found Jijieph's Magic Scroll Shoppe.
  9185 | D:9      | Noticed a two-headed ogre
  9195 | D:9      | Killed a two-headed ogre
  9247 | D:9      | Bought a scroll of identify for 32 gold pieces
  9247 | D:9      | Bought a scroll of identify for 32 gold pieces
  9247 | D:9      | Bought a scroll of identify for 32 gold pieces
  9299 | D:8      | Reached skill level 10 in Fighting
  9606 | D:9      | Reached XP level 11. HP: 86/99 MP: 10/10
  9984 | D:10     | Entered Level 10 of the Dungeon
 10313 | D:10     | Found a staircase to the Lair.
 10313 | D:10     | Noticed an oklob plant
 10320 | D:10     | Killed an oklob plant
 10385 | D:10     | Reached skill level 13 in Axes
 10601 | D:10     | Found a staircase to the Orcish Mines.
 11052 | Orc:1    | Entered Level 1 of the Orcish Mines
 11052 | Orc:1    | Found Pocsuwne's Weapon Shoppe.
 11081 | Orc:1    | Noticed a two-headed ogre
 11150 | Orc:1    | Noticed an orc knight
 11156 | D:10     | Killed a two-headed ogre
 11319 | D:10     | Killed an orc knight
 11400 | Orc:1    | Reached skill level 5 in Throwing
 11917 | Orc:1    | Noticed an orc sorcerer
 11923 | Orc:1    | Killed an orc sorcerer
 12038 | Orc:2    | Entered Level 2 of the Orcish Mines
 12038 | Orc:2    | Found Kyput's Antique Armour Shop.
 12041 | Orc:2    | Noticed a two-headed ogre
 12041 | Orc:2    | Noticed an orc sorcerer
 12042 | Orc:2    | Noticed an ogre mage
 12043 | Orc:2    | Noticed a two-headed ogre
 12245 | Orc:2    | Noticed a two-headed ogre
 12245 | Orc:2    | Noticed a two-headed ogre
 12245 | Orc:2    | Noticed a two-headed ogre
 12245 | Orc:2    | Noticed a two-headed ogre
 12245 | Orc:2    | Noticed a two-headed ogre
 12245 | Orc:2    | Noticed a deep troll
 12246 | Orc:2    | Noticed a deep troll
 12247 | Orc:2    | Noticed an ogre mage
 12248 | Orc:2    | Noticed a two-headed ogre
 12250 | Orc:1    | Killed an orc sorcerer
 12364 | Orc:2    | Demolished by a two-headed ogre

Illustrated notes

Levels and vault maps discovered:
D:1:      mrwooster_arrival_statue_3, layout_basic
D:2:      layout_basic, serial_shops, shop_fountains,
          hellmonk_ecumenical_altar_dog_temple
D:3:      layout_loops_ring, gammafunk_ghost_cemetery, minmay_puff
D:4:      layout_loops_ring, nemelex_diamond_rough_becter,
          minmay_temple_entry_overgrown, uniq_pikel, uniq_ijyb, uniq_duvessa
D:5:      layout_rooms, lemuel_zombie_altar_kikubaaqudgha, serial_rivers,
          chequers_serial_rivers_micro_c, chequers_serial_rivers_micro_d,
          chequers_serial_rivers_room_a, chequers_serial_rivers_small_a
D:6:      layout_loops_cross
D:7:      layout_loops_ring, serial_bayou, serial_bayou_crossing,
          serial_bayou_lagoon_a, serial_bayou_pond_e, serial_bayou_shore_b,
          minmay_manual_mares, uniq_joseph
D:8:      layout_basic, mainiacjoe_overflow_alcove_1, minmay_quadrilaterals
D:9:      layout_roguey, serial_shops, shop, nicolae_stop_n_shop_1
D:10:     layout_basic, dpeg_oklobed_lair, orc_0_dummy
Temple:   nicolae_temple_bog_church
Orc:1:    layout_caves, serial_shops, nicolae_diamond_shop, basic_altar
Orc:2:    st_orc_open, layout_caves, basic_altar

Skill      XL: |  1  2  3  4  5  6  7  8  9 10 11 |
---------------+----------------------------------+-----
Fighting       | 4 5 6 7 8 9 10 11 | 11.0
Axes           | 4 5 6 8 9 11 12 13 | 13.9
Stealth        | 1 2 3 4 5 |  5.3
Maces & Flails | 1 |  1.2
Evocations     | 3 4 |  4.6
Ranged Weapons | 3 6 8 |  8.9
Throwing       | 2 4 5 |  5.4
Armour         | |  2.4
Dodging        | |  2.1

Action                   |  1- 3 |  4- 6 |  7- 9 | 10-12 || total
-------------------------+-------+-------+-------+-------++-------
Melee: Hand axe          |    60 |     8 |       |       ||    68
       Headbutt          |    10 |    16 |    35 |    48 ||   109
       Punch             |     1 |     1 |     4 |       ||     6
       Morningstar       |       |    25 |       |       ||    25
       War axe           |       |    70 |   120 |       ||   190
       Short sword       |       |       |    14 |    12 ||    26
       Battleaxe         |       |       |    87 |   204 ||   291
 Fire: Shortbow          |       |       |    17 |    62 ||    79
       Arbalest          |       |       |       |    22 ||    22
Throw: Stone             |     2 |     8 |    14 |       ||    24
       Throwing net      |       |     2 |       |       ||     2
       Boomerang         |       |       |       |     6 ||     6
Invok: Berserk           |     2 |     6 |    10 |    13 ||    31
       Trog's Hand       |       |     3 |     8 |    21 ||    32
Evoke: Wand              |       |       |     1 |    10 ||    11
  Use: Scroll            |     1 |     1 |    10 |     5 ||    17
       Potion            |       |       |       |     1 ||     1
 Stab: Sleeping          |     1 |       |       |       ||     1
Armor: Animal skin       |    16 |       |       |       ||    16
       Ring mail         |     2 |       |       |       ||     2
       Scale mail        |       |    19 |       |       ||    19
       Chain mail        |       |    41 |   108 |   132 ||   281
       Plate armour      |       |       |    24 |    33 ||    57
Dodge: Dodged            |    39 |    56 |    98 |   145 ||   338

Table legend: (Time is in decaauts)
 A = Elapsed time spent in this place.
 B = Non-inter-level travel time spent in this place.
 C = Inter-level travel time spent in this place.
 D = Time resting spent in this place.
 E = Time spent auto-exploring this place.
 F = Levels seen in this place.
 G = Mean time per level.
                   A        B        C        D        E       F      G
               +--------+--------+--------+--------+--------+-----+--------+
         Total |  12804 |  11963 |    841 |   3562 |   6223 |  13 |  984.9 |
       Dungeon |  11786 |  10971 |    815 |   2929 |   6049 |  10 | 1178.6 |
        Temple |     75 |     75 |      0 |     68 |      0 |   1 |   75.0 |
  Orcish Mines |    942 |    917 |     25 |    564 |    174 |   2 |  471.0 |
               +--------+--------+--------+--------+--------+-----+--------+

Top non-repeatable levels by time:
     D:4: 1732 daAuts
     D:8: 1577 daAuts
    D:10: 1563 daAuts
     D:2: 1252 daAuts
     D:7: 1183 daAuts
     D:3: 1145 daAuts
     D:6: 937 daAuts
   Orc:1: 927 daAuts
     D:9: 846 daAuts
     D:5: 803 daAuts
     D:1: 744 daAuts
  Temple: 75 daAuts
   Orc:2: 14 daAuts
